 Dungeon Crawl Stone Soup version 0.16.1-2-g95b8d4c (webtiles) character file.

310960 Fluffy the End of an Era (level 21, -10/198 (199) HPs)
             Began as a Hill Orc Fighter on Mar 24, 2015.
             Was the Champion of Qazlal.
             Mangled by an Executioner (20 damage)
             ... on level 1 of the Abyss.
             The game lasted 04:20:12 (51133 turns).

Fluffy the End of an Era (Hill Orc Fighter)        Turns: 51133, Time: 04:20:12

HP:   -10/198 (199) AC: 27    Str: 27    XL:     21   Next: 27%
MP:   40/40         EV: 16    Int: 13    God:    Qazlal [******]
Gold: 4492          SH:  8    Dex: 13    Spells: 0 memorised, 20 levels left

rFire  + + .     SeeInvis .     V - +4 battleaxe (vamp)
rCold  + . .     Clarity  .     L - +2 scale mail "Uleplor" {rF+ rN+ Str-2 Int+3 Stlth+}
rNeg   + . .     SustAb   .     (no shield)
rPois  .         Gourm    .     C - +2 hat
rElec  .         Spirit   .     Z - +2 cloak {rC+}
rCorr  .         Warding  .     D - +0 pair of gloves {Dex+3}
rMut   .         Stasis   .     r - +0 pair of boots
MR     +++..                    J - amulet of regeneration
Stlth  +.........               H - ring of protection from magic
                                E - ring of protection from magic

@: lethally poisoned (-10 -> -40), about to teleport, protected from physical
damage, rotting, slowed, repel missiles, very slow, extremely resistant to
hostile enchantments, very unstealthy
A: slimy green scales 1, clever 1, fire resistance 1, no device heal 1, forlorn,
MP-powered wands 2
a: Upheaval, Elemental Force, Disaster Area, Renounce Religion
}: 2/15 runes: decaying, serpentine


You were on level 1 of the Abyss.
You worshipped Qazlal.
Qazlal was exalted by your worship.
You were not hungry.

You visited 8 branches of the dungeon, and saw 42 of its levels.
You visited the Abyss 2 times.
You also visited: Labyrinth, Bailey and Ice Cave.

You collected 5188 gold pieces.
You spent 696 gold pieces at shops.

Inventory:

Hand weapons
 q - a +0 war axe of flaming
 s - a +2 war axe of holy wrath
 V - a +4 vampiric battleaxe (weapon)
Missiles
 O - 36 tomahawks of returning (quivered)
Armour
 r - a +0 pair of boots (worn)
 C - a +2 hat (worn)
 D - a +0 pair of gloves of dexterity (worn)
 L - the +2 scale mail "Uleplor" (worn) {rF+ rN+ Str-2 Int+3 Stlth+}
   (You found it on level 3 of the Elven Halls)

   It affects your strength (-2).
   It affects your intelligence (+3).
   It protects you from fire.
   It protects you from negative energy.
   It makes you more stealthy.
 Q - a +2 plate armour of poison resistance
 Z - a +2 cloak of cold resistance (worn)
Jewellery
 g - an uncursed amulet of the gourmand
 j - an uncursed ring of sustain abilities
 n - an uncursed ring of flight
 p - an uncursed ring of positive energy
 E - a ring of protection from magic (left hand)
 G - an uncursed ring of protection from cold
 H - a ring of protection from magic (right hand)
 J - an amulet of regeneration (around neck)
 K - an uncursed amulet of warding
 M - an uncursed ring of see invisible
 N - an uncursed ring of positive energy
 R - an uncursed amulet of resist mutation
Magical devices
 a - a wand of lightning (6)
 u - a wand of disintegration (4)
 w - a wand of digging (13)
 F - a wand of draining (4)
 I - a wand of fire (5)
 U - a wand of teleportation (4)
 W - a wand of lightning (6)
 Y - a wand of teleportation (0)
Scrolls
 c - 3 scrolls of magic mapping
 e - 8 scrolls of teleportation
 k - 6 scrolls of enchant armour
 y - 9 scrolls of remove curse
 A - 15 scrolls of identify
 P - 3 scrolls of blinking
 X - 2 scrolls of holy word
Potions
 b - 9 potions of haste
 f - 8 potions of resistance
 i - 8 potions of curing
 l - 5 potions of agility
 t - 4 potions of magic
 x - 4 potions of restore abilities
 B - 2 potions of cure mutation
 S - 4 potions of might
Comestibles
 d - 22 meat rations
 h - 16 fruits
 m - 20 bread rations
 o - a royal jelly
 z - 13 beef jerkies


   Skills:
 + Level 19.6 Fighting
 + Level 22.0 Axes
 + Level 18.3 Armour
 + Level 10.7 Dodging
   Level 3.2 Shields
 + Level 22.3 Invocations


You had 20 spell levels left.
You didn't know any spells.

Dungeon Overview and Level Annotations

Branches:
Dungeon (15/15)            Temple (1/1) D:4            Lair (8/8) D:10
  Swamp (5/5) Lair:5        Snake (5/5) Lair:4        Slime (0/6) Lair:8
    Orc (4/4) D:11            Elf (3/3) Orc:3        Vaults (0/5) D:13
 Depths (1/5) D:15

Altars:
Ashenzari
Cheibriados
Dithmenos
Elyvilon
Fedhas
Gozag
Kikubaaqudgha
Makhleb
Nemelex Xobeh
Okawaru
Qazlal
Ru
Sif Muna
Trog
Vehumet
Xom
Yredelemnul
Zin
The Shining One
Beogh

Shops:
Orc:4 (:*[   Elf:2 :(   Snake:3 !

Portals:
Hell: Depths:1

Annotations:
D:5 Fluffy's ghost, experienced HOFi


Innate Abilities, Weirdness & Mutations

You are partially covered in slimy green scales (AC +2).
Your mind is acute. (Int +2)
Your flesh is heat resistant.
Potions and wands are less effective at restoring your health.
You have difficulty communicating with the divine.
You expend magic power (6 MP) to strengthen your wands.


Message History

You feel much better.
You are engulfed in dark miasma.
You are more poisoned.
* * * LOW HITPOINT WARNING * * *
x2 You feel very sick.
The Executioner hits you.
* * * LOW HITPOINT WARNING * * *
The Executioner barely misses you. The Executioner closely misses you.
The death drake bites you but does no damage.
The Executioner hits you but does no damage. x2
You block the Executioner's attack. You block the death drake's attack.
Drink which item? (? for menu, Esc to quit)
You feel much better.
You are engulfed in dark miasma.
You are lethally poisoned!
You feel yourself slow down.
* * * LOW HITPOINT WARNING * * *
x2 You feel very sick.
The Executioner barely misses you.
The Executioner hits you but does no damage.
You block the Executioner's attack. The Executioner hits you!!
You die...

.... . .......
#....§§. .
###........
...........§
.#.........
##$(..[....
##.§1$........ #
##.#.@kXx..... ..
#...§§X......§ #
.. ##.#.#§§§......
#.....)##..§......
#.#..#. #.........
#....# ##........
.... . .##......§
.###. ...####...
##.# .


You could see a death drake, an Executioner, 2 large abominations and a small
abomination.

Vanquished Creatures
  Norris (Snake:2)
  A bone dragon (Swamp:5)
  Nikola (Swamp:3)
  A lich (Abyss:2)
  Vashnia (Snake:2)
  An Ice Fiend (IceCv)
  A hellephant (Abyss:1)
  Asterion (Snake:3)
  An Executioner (Abyss:2)
  5 tentacled starspawn
  3 thorn hunters
  Roxanne (Snake:5)
  2 fire giants
  Maud (Lair:8)
  10 greater nagas
  A balrug (Depths:1)
  A deep elf sorcerer (Abyss:1)
  Aizul (Snake:1)
  Louise (Swamp:2)
  An orc warlord (Orc:3)
  Gastronok (D:13)
  A spectral weapon (Snake:3)
  2 emperor scorpions (Depths:1)
  A very ugly thing (Abyss:1)
  2 deep elf demonologists (Elf:1)
  A deep elf annihilator (Elf:2)
  2 dire elephants (Depths:1)
  A mottled draconian (Abyss:2)
  The ghost of inmateoo the Cleaver, a powerful HOFi of Beogh (D:13)
  A crystal guardian (Elf:3)
  Snorg (Snake:1)
  26 slime creatures
  Josephine (Elf:1)
  A minotaur (Lab)
  A fire dragon (Depths:1)
  2 deep elf high priests (Elf:1)
  10 hydras
  A quicksilver dragon skeleton (Abyss:2)
  22 naga warriors
  5 catoblepae
  15 anacondas
  9 alligators
  5 centaur warriors
  2 ogre magi (Depths:1)
  13 dancing weapons (Elf:2)
  2 ghost crabs
  The ghost of Zapata the Basher, a powerful KoBe of Trog (D:11)
  6 death yaks (Lair:8)
  3 thrashing horrors (Abyss:2)
  A titan zombie (Depths:1)
  6 orc high priests (Orc:4)
  A tengu warrior (D:15)
  18 naga sharpshooters
  A vampire mage (Abyss:2)
  Nergalle (Lair:2)
  2 sun demons (Depths:1)
  10 shock serpents
  A shadow wraith (Abyss:1)
  2 wretched stars (Abyss:2)
  5 salamander mystics (Snake:5)
  6 ice devils
  22 deep elf knights
  A fire crab (Lair:7)
  2 giant orange brains (Abyss:2)
  2 spatial maelstroms (Abyss:2)
  An unseen horror (D:12)
  8 deep elf summoners
  5 naga ritualists
  3 swamp dragons
  4 lindwurms (Snake:5)
  4 spectral hydras (Swamp:5)
  4 orc knights
  An ice statue (IceCv)
  A death drake (Swamp:5)
  9 deep elf conjurers
  6 orc sorcerers
  2 necromancers
  A shambling mangrove (Swamp:4)
  4 hill giants
  3 oklob plants (Lair:3)
  A wolf spider (D:14)
  2 griffons
  2 sixfirhies
  A wizard (D:13)
  2 phantasmal warriors (Swamp:5)
  7 ugly things
  A manticore (D:15)
  A harpy (shapeshifter) (Elf:3)
  A worldbinder (Abyss:2)
  11 mana vipers
  A hornet (shapeshifter) (D:14)
  12 salamanders
  2 cyclopes
  A hornet (Swamp:4)
  An eye of devastation (shapeshifter) (Elf:1)
  26 naga magi
  5 smoke demons (Abyss:2)
  A gargoyle (D:13)
  19 spiny frogs
  A torpor snail (Depths:1)
  10 guardian serpents
  3 centaur skeletons
  43 black mambas
  7 komodo dragons
  4 yaktaurs (Depths:1)
  A fire drake (shapeshifter) (Elf:1)
  4 swamp worm zombies (Swamp:5)
  9 fire drakes
  4 ancient zymes
  12 deep elf priests
  2 efreet
  A hellwing (Abyss:2)
  3 demonic crawlers
  2 golden dragon simulacra (IceCv)
  5 anaconda simulacra (IceCv)
  A jumping spider (Elf:2)
  A polar bear (Lair:4)
  5 freezing wraiths
  10 large abominations
  A blue devil (IceCv)
  23 blink frogs
  5 trolls
  9 two-headed ogres
  A spriggan skeleton (Depths:1)
  4 giant leeches
  12 bog bodies
  10 baby alligators
  A shadow dragon simulacrum (Abyss:2)
  12 ravens
  5 alligator zombies (Swamp:5)
  5 spectral swamp dragons (Swamp:5)
  3 raiju
  A boulder beetle (Lair:8)
  3 basilisks
  A trapdoor spider (D:15)
  3 redbacks (Elf:1)
  3 shadows
  A human (shapeshifter) (D:12)
  A dire elephant simulacrum (IceCv)
  A tarantella (Elf:1)
  4 flying skulls (Abyss:1)
  23 deep elf magi
  7 wraiths
  2 ynoxinuls (Abyss:2)
  46 yaks
  Eustachio (D:4)
  5 water elementals (Depths:1)
  A death yak simulacrum (IceCv)
  A fire elemental (Orc:4)
  3 hungry ghosts
  8 wyverns
  20 deep elf fighters
  53 nagas
  3 chaos spawn
  5 neqoxecs
  3 wargs
  19 wolves
  17 hippogriffs
  Edmund (D:4)
  A spectral raven (Swamp:5)
  5 insubstantial wisps (Swamp:5)
  3 iron troll simulacra (IceCv)
  35 swamp worms
  29 vampire mosquitoes
  38 orc warriors
  A human skeleton (Depths:1)
  52 water moccasins
  7 porcupines
  A harpy simulacrum (IceCv)
  3 swamp drakes
  3 soldier ants
  A wasp (D:12)
  2 hydra simulacra (IceCv)
  8 phantoms
  3 sky beasts
  An eye of draining (D:5)
  17 ice beasts
  7 swamp dragon zombies (Swamp:5)
  10 small abominations
  An ettin simulacrum (IceCv)
  18 ogres
  16 crocodiles
  5 black bears
  2 boring beetles
  11 centaurs
  2 alligator simulacra (IceCv)
  A necrophage (D:11)
  6 big kobolds
  A brain worm (D:12)
  A wyvern zombie (D:15)
  24 giant frogs
  2 scorpions
  17 wights
  2 crimson imps
  6 quasits
  23 killer bees
  11 hounds
  An electric eel (Lair:5)
  7 jellies
  2 iron imps
  27 orc priests
  3 lava snakes (Snake:4)
  A gnoll shaman (D:4)
  3 giant frog skeletons
  6 centaur zombies
  38 orc wizards
  A two-headed ogre zombie (D:13)
  7 iguanas
  2 spectral orcs (Lair:2)
  2 troll simulacra (IceCv)
  9 hell rats
  2 wolf simulacra (IceCv)
  56 sheep
  8 worker ants
  2 centaur simulacra (IceCv)
  A hound zombie (D:6)
  2 hound skeletons
  A mummy (D:12)
  8 gnolls
  2 naga simulacra (IceCv)
  35 adders
  3 ogre simulacra (IceCv)
  A swamp drake zombie (Swamp:5)
  36 river rats
  2 giant mites
  6 white imps
  4 worms
  4 shadow imps
  13 ufetubi
  3 adder skeletons
  6 giant geckos
  2 oozes
  185 orcs
  A bat skeleton (D:4)
  6 giant cockroaches
  21 goblins
  23 hobgoblins
  2 jackals (D:6)
  11 quokkas
  4 ball pythons
  12 bats
  4 giant newts
  2 giant spores
  A goblin zombie (D:4)
  2 hobgoblin zombies (D:4)
  40 kobolds
  2 kobold skeletons (D:4)
  A kobold zombie (D:4)
  2 orc skeletons (D:4)
  An orc zombie (D:4)
  A quokka zombie (D:7)
  11 rats
  13 ballistomycetes
  4 briar patches (Swamp:3)
  3 bushes
  2 crawling corpses (Elf:1)
  108 fungi
  56 plants
  9 starspawn tentacles
2073 creatures vanquished.

Vanquished Creatures (collateral kills)
  3 hydras
  A death yak (Lair:8)
  A water elemental (Snake:5)
  A naga (Snake:5)
  An orc warrior (Orc:4)
7 creatures vanquished.

Vanquished Creatures (others)
  A shock serpent (Snake:5)
  A naga sharpshooter (Snake:1)
  A deep elf knight (Elf:2)
  A guardian serpent (Snake:5)
  A naga mage (Snake:5)
  A large abomination (Abyss:1)
  A blue devil (Elf:1)
  5 air elementals
  A deep elf mage (Elf:3)
  2 water elementals
  A deep elf fighter (Elf:2)
  3 insubstantial wisps (Swamp:5)
  2 wasps (Lair:2)
  An earth elemental (Lair:7)
  A killer bee (Lair:2)
  A worker ant (Lair:2)
  A white imp (IceCv)
  An ufetubus (Abyss:2)
  An orc (Elf:1)
  3 giant spores
  2 bushes (Lair:8)
  7 fungi
  5 plants
  10 starspawn tentacles
  411 starspawn tentacle segments
465 creatures vanquished.

Grand Total: 2545 creatures vanquished

Notes
Turn   | Place    | Note
--------------------------------------------------------------
     0 | D:1      | Fluffy, the Hill Orc Fighter, began the quest for the Orb.
     0 | D:1      | Reached XP level 1. HP: 19/19 MP: 1/1
   332 | D:1      | Reached XP level 2. HP: 18/27 MP: 2/2
   714 | D:1      | Reached skill level 4 in Fighting
   714 | D:1      | Reached XP level 3. HP: 25/33 MP: 3/3
   918 | D:2      | Found a white marble altar of Elyvilon.
   980 | D:2      | Found an opulent altar of Gozag.
  1030 | D:2      | Reached XP level 4. HP: 33/41 MP: 4/4
  1411 | D:2      | Reached XP level 5. HP: 29/47 MP: 5/5
  1537 | D:3      | Found a shattered altar of Ashenzari.
  1566 | D:3      | Reached skill level 5 in Fighting
  1953 | D:3      | Noticed an orc warrior
  1970 | D:4      | Noticed an ogre
  2270 | D:3      | Reached skill level 5 in Armour
  2963 | D:3      | Reached skill level 5 in Axes
  3137 | D:4      | Reached XP level 6. HP: 46/56 MP: 6/6
  3245 | D:4      | Reached skill level 6 in Axes
  3291 | D:4      | Noticed Eustachio
  3294 | D:4      | Found a staircase to the Ecumenical Temple.
  3299 | D:4      | Killed Eustachio
  3299 | D:4      | Reached skill level 7 in Axes
  3299 | D:4      | Reached XP level 7. HP: 61/61 MP: 7/7
  3310 | Temple   | Entered the Ecumenical Temple
  3669 | D:4      | Killed an ogre
  3669 | D:4      | Reached skill level 8 in Axes
  4138 | D:4      | Found a glowing golden altar of the Shining One.
  4207 | D:4      | Noticed Edmund
  4216 | D:4      | Killed Edmund
  4216 | D:4      | Reached skill level 9 in Axes
  4568 | D:5      | Entered Level 5 of the Dungeon
  4603 | D:5      | Reached skill level 10 in Axes
  4603 | D:5      | Reached XP level 8. HP: 56/68 MP: 8/8
  5104 | D:5      | Noticed Fluffy's ghost (experienced HOFi)
  5625 | D:6      | Found a radiant altar of Vehumet.
  5625 | D:6      | Found a stormy altar of Qazlal.
  5628 | D:6      | Became a worshipper of Qazlal Stormbringer
  6250 | D:7      | Reached skill level 1 in Invocations
  6437 | D:7      | Reached skill level 11 in Axes
  6528 | D:7      | Reached XP level 9. HP: 35/78 MP: 12/14
  6937 | D:7      | Got an ebony hand axe
  6938 | D:7      | Identified the +7 hand axe of Nemelex Xobeh's Scorn {chop, Int+2} (You found it on level 7 of the Dungeon)
  6982 | D:7      | Found an iron altar of Okawaru.
  7373 | D:7      | Acquired Qazlal's first power
  7579 | D:8      | Reached skill level 5 in Invocations
  7865 | D:8      | Found a sacrificial altar of Ru.
  7950 | D:8      | Reached skill level 12 in Axes
  8307 | D:8      | Found a deep blue altar of Sif Muna.
  8308 | D:8      | Found a shadowy altar of Dithmenos.
  8309 | D:8      | Found a shimmering altar of Xom.
  8310 | D:8      | Found an iron altar of Okawaru.
  8442 | D:8      | Reached XP level 10. HP: 69/88 MP: 20/20
  9060 | D:9      | Acquired Qazlal's second power
 10097 | D:9      | Acquired Qazlal's third power
 10308 | D:9      | Reached skill level 13 in Axes
 10487 | D:10     | Entered Level 10 of the Dungeon
 10487 | D:10     | Found a staircase to the Lair.
 10538 | D:10     | Noticed a hill giant
 10704 | D:10     | Reached XP level 11. HP: 89/99 MP: 23/23
 11079 | D:10     | Reached skill level 10 in Fighting
 11112 | D:10     | Killed a hill giant
 11298 | D:10     | Reached XP level 12. HP: 106/106 MP: 23/28
 11311 | D:11     | Noticed a seven-headed hydra
 11317 | D:10     | Reached skill level 14 in Invocations
 11436 | Lair:1   | Entered Level 1 of the Lair of Beasts
 11436 | Lair:1   | Noticed a seven-headed hydra
 11444 | Lair:1   | Killed a nine-headed hydra
 11491 | Lair:1   | Reached skill level 10 in Armour
 11895 | Lair:1   | Acquired Qazlal's fourth power
 12514 | Lair:1   | Gained mutation: Your flesh is heat resistant. [potion of beneficial mutation]
 12957 | Lair:2   | Found a shattered altar of Ashenzari.
 13075 | Lair:2   | Found a labyrinth entrance.
 13101 | Lab      | Entered a labyrinth
 13392 | Lab      | Noticed a minotaur
 13404 | Lab      | HP: 2/110 [minotaur/wand of draining (13)]
 13416 | Lab      | Killed a minotaur
 13432 | Lab      | Identified the Collected Works on Ice
 13436 | Lab      | Identified a +5 rod of the swarm (10/10) (You found it in a labyrinth)
 13488 | Lair:2   | Noticed Nergalle
 13776 | Lair:2   | Noticed a four-headed hydra
 13824 | Lair:2   | Reached XP level 13. HP: 109/116 MP: 30/30
 13856 | Lair:2   | Killed a four-headed hydra
 13856 | Lair:2   | Reached skill level 15 in Invocations
 13952 | Lair:2   | Killed Nergalle
 14433 | Lair:3   | Gained mutation: You are partially covered in slimy green scales (AC +2). [potion of beneficial mutation]
 14935 | Lair:3   | Acquired Qazlal's fifth power
 15120 | Lair:3   | Reached skill level 15 in Axes
 16153 | Lair:4   | Found a staircase to the Snake Pit.
 16401 | Lair:4   | Reached skill level 16 in Invocations
 17825 | Lair:5   | Reached XP level 14. HP: 121/127 MP: 32/32
 17832 | Lair:5   | Found a staircase to the Swamp.
 18642 | Lair:6   | Gained mutation: Your mind is acute. (Int +2) [potion of beneficial mutation]
 20101 | Lair:8   | Entered Level 8 of the Lair of Beasts
 20152 | Lair:8   | Found a staircase to the Slime Pits.
 20306 | Lair:8   | Noticed Maud
 20325 | Lair:8   | Killed Maud
 20325 | Lair:8   | Reached skill level 17 in Invocations
 23008 | D:11     | Noticed Zapata's ghost (powerful KoBe)
 23013 | D:11     | Killed a seven-headed hydra
 23070 | D:11     | Killed Zapata's ghost
 23070 | D:11     | Reached XP level 15. HP: 66/138 MP: 33/33
 23102 | D:11     | Found a staircase to the Orcish Mines.
 24464 | Orc:1    | Entered Level 1 of the Orcish Mines
 24524 | Orc:1    | Found a flagged portal.
 24530 | Bailey   | Entered a bailey
 24655 | Bailey   | Found a bloodstained altar of Trog.
 25716 | Orc:1    | Found a radiant altar of Vehumet.
 26087 | Orc:3    | Found a staircase to the Elven Halls.
 26866 | Orc:4    | Entered Level 4 of the Orcish Mines
 27180 | Orc:4    | Found Xubryufy's Antique Armour Emporium.
 28139 | Orc:4    | Found Waloqeur's Book Boutique.
 28157 | Orc:4    | Found a roughly hewn altar of Beogh.
 28335 | Orc:4    | Found Qatt's Antique Weapon Emporium.
 28341 | Orc:4    | Reached skill level 18 in Invocations
 28574 | Orc:4    | Found Schaivez's General Store.
 28771 | Orc:4    | Bought an uncursed amulet of regeneration for 360 gold pieces
 28950 | D:12     | Identified Wocw's Volume of Attacks
 29750 | D:13     | Noticed inmateoo's ghost (powerful HOFi)
 29754 | D:13     | Reached skill level 15 in Fighting
 29786 | D:13     | Killed inmateoo's ghost
 30048 | D:13     | Found a gate to the Vaults.
 30109 | D:13     | Noticed Gastronok
 30126 | D:13     | Killed Gastronok
 30625 | D:14     | Reached skill level 1 in Dodging
 30782 | D:14     | Reached XP level 16. HP: 149/149 MP: 35/35
 31522 | D:15     | Entered Level 15 of the Dungeon
 31660 | D:15     | Found a staircase to the Depths.
 32532 | Snake:1  | Entered Level 1 of the Snake Pit
 32534 | Snake:1  | Noticed Snorg
 32552 | Snake:1  | Killed Snorg
 33150 | Snake:1  | Noticed Aizul
 33170 | Snake:1  | Killed Aizul
 33437 | Snake:1  | Identified a scroll of acquirement
 33461 | Snake:1  | Reached skill level 19 in Invocations
 33840 | Snake:2  | Noticed Norris
 33871 | Snake:2  | Killed Norris
 33871 | Snake:2  | Reached skill level 15 in Armour
 34534 | Snake:2  | Noticed Vashnia
 34554 | Snake:2  | Reached XP level 17. HP: 132/158 MP: 36/36
 34562 | Snake:2  | Reached skill level 5 in Dodging
 34735 | Snake:2  | Killed Vashnia
 35351 | Snake:3  | Noticed Asterion
 35364 | Snake:3  | Killed Asterion
 35815 | Snake:3  | Found Trypep's Distillery.
 35820 | Snake:3  | Bought a potion of curing for 48 gold pieces
 35820 | Snake:3  | Bought a potion of haste for 160 gold pieces
 35820 | Snake:3  | Bought a potion of curing for 48 gold pieces
 35820 | Snake:3  | Bought a potion of heal wounds for 80 gold pieces
 37068 | Snake:5  | Entered Level 5 of the Snake Pit
 37619 | Snake:5  | Cast into the Abyss (naga warrior)
 37633 | Abyss:1  | Found a corrupted altar of Lugonu.
 37684 | Abyss:1  | Gained mutation: Potions and wands are less effective at restoring your health. [a neqoxec]
 37734 | Abyss:1  | Noticed a hellephant
 37752 | Abyss:1  | Gained mutation: You expend magic power (3 MP) to slightly strengthen your wands. [a neqoxec]
 37753 | Abyss:1  | Gained mutation: You expend magic power (6 MP) to strengthen your wands. [a neqoxec]
 37844 | Abyss:2  | Found a corrupted altar of Lugonu.
 37859 | Abyss:2  | Reached XP level 18. HP: 107/169 MP: 37/37
 37901 | Abyss:2  | Paralysed by accursed screaming for 1 turns
 37921 | Abyss:2  | Identified the Almanac of Freezing Dislocation (You found it on level 2 of the Abyss)
 37978 | Abyss:2  | Reached skill level 20 in Invocations
 38084 | Abyss:2  | Noticed a lich
 38095 | Abyss:2  | Killed a lich
 38374 | Abyss:2  | Gained mutation: You have difficulty communicating with the divine. [a neqoxec]
 38395 | Abyss:2  | Noticed a bone dragon
 38940 | Snake:5  | Escaped the Abyss
 39224 | Snake:5  | Noticed Roxanne
 39257 | Snake:5  | Killed Roxanne
 39259 | Snake:5  | Identified Roxanne's Collected Works on the Mutagenic Mountains (You took it off Roxanne on level 5 of the Snake Pit)
 39758 | Snake:5  | Reached XP level 19. HP: 177/179 MP: 38/38
 39898 | Snake:5  | Got a serpentine rune of Zot
 40410 | Swamp:1  | Entered Level 1 of the Swamp
 40982 | Swamp:2  | Noticed Louise
 41074 | Swamp:2  | Reached skill level 21 in Invocations
 41112 | Swamp:2  | Killed Louise
 41420 | Swamp:2  | Found a frozen archway.
 41432 | IceCv    | Entered an ice cave
 41491 | IceCv    | Got a scintillating lapis lazuli ring
 41493 | IceCv    | Identified the ring of Vehumet's Condemnation {Wiz Int+2 Stlth+} (You found it in an ice cave)
 42034 | IceCv    | Got a smoking great sword
 42035 | IceCv    | Identified the cursed -1 great sword of the Iron City of Dis {freeze, rC++ Str-2} (You found it in an ice cave)
 42703 | Swamp:3  | Noticed Nikola
 42819 | Swamp:3  | Killed Nikola
 44199 | Swamp:4  | Got a sapphire triple sword
 44200 | Swamp:4  | Identified the +6 triple sword of Change {slice, rPois rN++ Stlth-} (You found it on level 4 of the Swamp)
 44476 | Swamp:5  | Entered Level 5 of the Swamp
 44856 | Swamp:5  | Reached XP level 20. HP: 189/189 MP: 39/39
 45821 | Swamp:5  | Noticed a bone dragon
 45845 | Swamp:5  | Killed a bone dragon
 46015 | Swamp:5  | Got a decaying rune of Zot
 46526 | Elf:1    | Entered Level 1 of the Elven Halls
 46976 | Elf:1    | Noticed Josephine
 46986 | Elf:1    | Killed Josephine
 47705 | Elf:2    | Reached skill level 10 in Dodging
 47933 | Elf:2    | Found Pnuatt's Book Emporium.
 47997 | Elf:2    | Found Iraumn's Antique Weapon Shoppe.
 48058 | Elf:2    | Found a runed gate.
 48059 | Elf:2    | Found a runed gate.
 48063 | Elf:2    | Found a runed gate.
 48323 | Elf:2    | Reached skill level 22 in Invocations
 49241 | Depths:1 | Entered Level 1 of the Depths
 49466 | Depths:1 | Reached XP level 21. HP: 198/198 MP: 40/40
 49904 | Depths:1 | Found a gateway to Hell.
 50797 | Elf:3    | Entered Level 3 of the Elven Halls
 50937 | Elf:3    | Got a bloodstained scale mail
 50948 | Elf:3    | Identified the +2 scale mail "Uleplor" {rF+ rN+ Str-2 Int+3 Stlth+} (You found it on level 3 of the Elven Halls)
 50980 | Elf:3    | Cast into the Abyss (a deep elf sorcerer)
 50980 | Abyss:1  | Found a corrupted altar of Lugonu.
 51025 | Abyss:1  | Noticed a hellephant
 51111 | Abyss:1  | Killed a hellephant
 51131 | Abyss:1  | HP: 9/198 [poisoned by a death drake (dark miasma)]
 51131 | Abyss:1  | HP: 4/198 [Executioner (1)]
 51133 | Abyss:1  | Mangled by an Executioner

Action                   |  1- 3 |  4- 6 |  7- 9 | 10-12 | 13-15 | 16-18 | 19-21 || total
-------------------------+-------+-------+-------+-------+-------+-------+-------++-------
Melee: War axe           |    90 |   152 |   346 |       |       |       |   201 ||   789
       Hand axe          |       |       |   103 |   491 |  1877 |   436 |       ||  2907
       Battleaxe         |       |       |       |       |       |  1279 |  1464 ||  2743
Invok: Upheaval          |       |       |       |       |     6 |     3 |       ||     9
       Elemental Force   |       |       |       |       |     6 |     2 |       ||     8
 Abil: Stop Flying       |       |       |       |       |     3 |       |     5 ||     8
       Evoke Flight      |       |       |       |       |     3 |       |     5 ||     8
Evoke: Wand              |       |       |       |     6 |     6 |       |    11 ||    23
       Rod               |       |       |       |       |     2 |       |       ||     2
  Use: Scroll            |       |    10 |     5 |     8 |    14 |    14 |     9 ||    60
       Potion            |       |     2 |     3 |     7 |     3 |     1 |     8 ||    24
 Stab: Invisible         |       |       |       |     1 |       |       |       ||     1
       Petrified         |       |       |       |       |     3 |       |       ||     3
       Petrifying        |       |       |       |       |     2 |       |       ||     2
       Distracted        |       |       |       |       |       |     1 |       ||     1
  Eat: Chunk             |    11 |     6 |    17 |    20 |    52 |    36 |    84 ||   226
       Pizza             |       |       |       |       |       |     4 |     1 ||     5
       Fruit             |       |       |       |       |       |     2 |     4 ||     6
       Royal jelly       |       |       |       |       |       |     1 |       ||     1
